 Dungeon Crawl Stone Soup version 0.27.0-1-g7a08968 (webtiles) character file.

Game seed: 2242936615108781912

78 NeededCrab the Skirmisher (level 4, -1/55 HPs)
             Began as a Palentonga Abyssal Knight on Oct 14, 2021.
             Was a Believer of Lugonu.
             Succumbed to an adder's poison
             ... on level 3 of the Dungeon.
             The game lasted 00:05:03 (2122 turns).

NeededCrab the Skirmisher (PaAK)                    Turns: 2122, Time: 00:05:04

Health: -1/55      AC: 22    Str: 15    XL:     4   Next: 15%
Magic:  5/6        EV:  1    Int: 13    God:    Lugonu [**....]
Gold:   151        SH:  3    Dex: 10    Spells: 3/3 levels left

rFire    . . .     SeeInvis +   a - +1 falchion
rCold    . . .     Faith    .   k - +0 buckler
rNeg     + + +     Spirit   .   (armour currently unavailable)
rPois    +         Reflect  .   (helmet currently unavailable)
rElec    .         Harm     .   (cloak currently unavailable)
rCorr    .         Rampage  .   (gloves currently unavailable)
Will     .....     NoTele   +   (no barding)
Stlth    +.........             (no amulet)
HPRegen  0.18/turn              (no ring)
MPRegen  0.10/turn              (no ring)

@: lethally poisoned (-1 -> -13), tree-form
A: stationary, stasis, torment immunity, boosted hp, large, rugged brown scales
3, see invisible, (deformed body), (roll 1), (armoured tail)
a: Renounce Religion, Depart the Abyss, Bend Space


You were on level 3 of the Dungeon.
You worshipped Lugonu.
Lugonu was pleased with you.
You were a tree.
You visited 1 branch of the dungeon, and saw 3 of its levels.
You visited the Abyss 1 time.

You collected 151 gold pieces.

Inventory:

Hand Weapons
 a - a +1 falchion (weapon)
Armour
 b - a +0 leather armour (melded)
 c - a +2 hat (melded)
 e - a +0 plate armour
 k - a +0 buckler (worn)
Scrolls
 d - a scroll of immolation {unknown}
 f - a scroll of silence {unknown}
 g - 3 scrolls of identify {unknown}
 h - 2 scrolls of noise {unknown}
 j - a scroll of blinking {unknown}
 o - a scroll of fog {unknown}
Potions
 i - a potion of lignification
 l - a potion of flight {unknown}
 m - a potion of attraction {unknown}
 n - a potion of brilliance {unknown}


   Skills:
 + Level 3.4 Fighting
 * Level 3.1 Long Blades
 - Level 1.9 Armour
 - Level 0.7 Dodging
 * Level 0.9 Shields
 + Level 2.6 Invocations


You had 3 spell levels left.
You didn't know any spells.
Your spell library contained the following spells:

 Spells                   Type           Power      Damage    Failure   Level
 Blink                    Tloc           N/A        N/A       54%         2
 Manifold Assault         Tloc           0%         N/A       100%        5
 Storm Form               Tmut/Air       0%         N/A       100%        7


Dungeon Overview and Level Annotations

Branches:
Dungeon (3/15)

Altars:
Makhleb

Portals:
Sewer: D:3


Innate Abilities, Weirdness & Mutations

You are a tree.
Your roots penetrate the ground, keeping you stationary.
You cannot be teleported.
You are immune to unholy pain and torment.
Your maximum health is greatly increased.
Your equipment is partially melded.
(You are completely covered in rugged brown scales. (AC +3, +7% HP))
You have supernaturally acute eyesight. (SInv)
((Armour fits poorly on your strangely shaped body.))
((You can roll at nearby foes to attack.))
((You have a long armoured tail.))


Message History

You feel sick. The adder bites you.
You barely miss the adder.
You feel sick. The adder bites you.
You are more poisoned.
The adder poisons you!
You barely miss the adder.
You feel very sick. The adder bites you but does no damage.
The adder bites you.
You are more poisoned.
The adder poisons you! The adder barely misses you.
You miss the adder.
You feel very sick. The adder barely misses you. The adder bites you.
You closely miss the adder.
* * * LOW HITPOINT WARNING * * *
You feel very sick. The adder bites you.
* * * LOW HITPOINT WARNING * * *
The adder bites you.
* * * LOW HITPOINT WARNING * * *
The giant cockroach bites you but does no damage.
The adder bites you.
* * * LOW HITPOINT WARNING * * *
You are more poisoned.
The adder poisons you!
Okay, then.
You fail to use your ability.
* * * LOW HITPOINT WARNING * * *
You feel very sick. The adder bites you but does no damage.
The adder bites you.
* * * LOW HITPOINT WARNING * * *
The giant cockroach barely misses you.
You riposte.
You hit the giant cockroach.
The giant cockroach is severely wounded.
The adder bites you but does no damage.
Okay, then.
It was a potion of lignification.
You turn into a tree.
Your +2 hat melds into your body.
Your +0 leather armour melds into your body.
Your roots penetrate the ground.
You die...

#.#.#.# #.....#
####### #.#.#.#
#.....# #.....#
##.....###.
####..####..........
#.......††...#
#.#######†..>#
#.#≈≈≈≈≈#S####
#..#≈≈∩≈SB♣#
#..#≈≈≈≈≈#S#
#...#######.#
#........[..#
#.)..##......
...##.## .### #. ..


You could see 3 adders and a giant cockroach.

Vanquished Creatures
  3 adders
  A dart slug (D:2)
  2 ball pythons (D:1)
  4 bats
  4 endoplasms (D:1)
  A giant cockroach (D:2)
  A goblin (D:1)
  4 hobgoblins
  7 jackals
  10 kobolds
  2 quokkas
  3 frilled lizards (D:2)
  3 rats
45 creatures vanquished.

Vanquished Creatures (others)
  2 plants (D:2)
2 creatures vanquished.

Grand Total: 47 creatures vanquished

Notes
Turn   | Place    | Note
-------+----------+-------------------------------------------
     0 | Abyss:1  | NeededCrab the Palentonga Abyssal Knight began the quest
                  | for the Orb.
     0 | Abyss:1  | Reached XP level 1. HP: 19/19 MP: 2/2
    14 | D:1      | Escaped the Abyss
   186 | D:1      | Reached XP level 2. HP: 25/25 MP: 3/3
   356 | D:1      | Found a faded altar of an unknown god.
   693 | D:1      | Reached ** piety under Lugonu
  1059 | D:2      | Reached XP level 3. HP: 31/31 MP: 4/4
  1314 | D:2      | Found a burning altar of Makhleb.
  2092 | D:3      | Found a glowing drain.
  2104 | D:3      | Reached XP level 4. HP: 36/37 MP: 5/5
  2121 | D:3      | HP: 1/37 [adder (1)]
  2122 | D:3      | Succumbed to an adder's poison

Illustrated notes

Levels and vault maps discovered:
D:1:      ncdulo_watergridlock, layout_loops_ring, basic_ecumenical_altar,
          skrybe_limestone_x, minmay_heptomino_o4
D:2:      wander_river, layout_rooms, basic_altar, lexackson_kobold_supper
D:3:      layout_loops_cross, marbit_many_paths, gup_sewer_entry_glass,
          serial_glass, glass_columns_c, glass_columns_a, feat_on_display,
          grunt_decor_resistance

Skill      XL: |  1  2  3 |
---------------+----------+-----
Long Blades    | 3 |  3.1
Fighting       | |  3.4
Armour         | |  1.9
Dodging        | |  0.7
Shields        | |  0.9
Invocations    | |  2.6

Action                   |  1- 3 |  4- 6 || total
-------------------------+-------+-------++-------
Melee: Falchion          |   103 |    13 ||   116
       Tailslap          |    12 |     1 ||    13
 Abil: Rolling Charge    |     6 |       ||     6
  Use: Potion            |       |     1 ||     1
Armor: Leather armour    |    53 |    10 ||    63
Dodge: Dodged            |    45 |     7 ||    52
Block: Buckler           |     4 |       ||     4
       Rpst.: Falchion   |    15 |     1 ||    16
